 Dungeon Crawl Stone Soup version 0.26-a0-642-g67e99244d3 (webtiles) character file.

Game seed: 6209408097681731483

30363 Radmir2714 the Spear-Bearer (level 13, -11/106 HPs)
             Began as a Merfolk Gladiator on Sept 22, 2020.
             Was a Follower of Uskayaw.
             Mangled by a catoblepas (13 damage)
             ... while petrified by you
             ... on level 3 of the Lair of Beasts.
             The game lasted 00:45:12 (17193 turns).

Radmir2714 the Spear-Bearer (Merfolk Gladiator)    Turns: 17193, Time: 00:45:13

Health: -11/106    AC: 14    Str: 16    XL:     13   Next: 51%
Magic:  19/19      EV:  2    Int:  8    God:    Uskayaw [*.....]
Gold:   850        SH:  0    Dex: 22    Spells: 12/12 levels left

rFire    . . .     SeeInvis .   a - +2 trident
rCold    . . .     Faith    .   t - +0 kite shield
rNeg     + + +     Spirit   .   H - +0 plate armour {MR+}
rPois    ∞         Reflect  +   c - +0 helmet
rElec    .         Harm     .   S - +0 cloak
rCorr    .         Rampage  .   N - +1 pair of gloves
MR       +....                  (no boots)
Stlth    ..........             g - amulet of reflection
HPRegen  0.27/turn              y - ring of poison resistance
MPRegen  0.16/turn              V - +6 ring of dexterity

@: petrified
A: change form in water, swift swim, stealthy swim, thin skeletal structure 1,
clumsy 1, weak 1
a: Stomp, Renounce Religion


You were on level 3 of the Lair of Beasts.
You worshipped Uskayaw.
Uskayaw was aware of your devotion.
You visited 3 branches of the dungeon, and saw 15 of its levels.

You collected 1084 gold pieces.
You spent 234 gold pieces at shops.

Inventory:

Hand Weapons
 a - a +2 trident (weapon)
 K - a +0 dagger of venom
Missiles
 f - 457 stones
 u - 10 boomerangs
 P - 4 silver javelins (quivered)
 R - 2 silver boomerangs
Armour
 c - a +0 helmet (worn)
 t - a +0 kite shield (worn)
 H - a +0 plate armour of magic resistance (worn)
 N - a +1 pair of gloves (worn)
 S - a +0 cloak (worn)
Jewellery
 g - an amulet of reflection (around neck)
 h - an uncursed ring of see invisible
 p - an uncursed ring of ice
 y - a ring of poison resistance (left hand)
 D - an uncursed ring of stealth
 O - an uncursed ring of magical power
 V - a +6 ring of dexterity (right hand)
 W - an uncursed ring of resist corrosion
Wands
 i - a wand of acid (16)
 A - a wand of paralysis (5)
 J - a wand of iceblast (7)
 L - a wand of digging (13)
 Q - a wand of polymorph (3)
Scrolls
 d - 2 scrolls of amnesia
 k - 4 scrolls of blinking
 n - 3 scrolls of fog
 v - 2 scrolls of remove curse
 w - 5 scrolls of magic mapping
 E - a scroll of immolation
 G - 2 scrolls of fear
Potions
 e - 6 potions of stabbing
 j - 3 potions of brilliance
 o - a potion of invisibility {unknown}
 x - 4 potions of flight
 z - 3 potions of lignification
 B - 3 potions of curing
 C - a potion of ambrosia
 F - a potion of might
 I - 2 potions of magic
 M - 2 potions of heal wounds
 T - 2 potions of cancellation
Miscellaneous
 b - a phantom mirror
 m - a phial of floods


   Skills:
 + Level 11.4 Fighting
 - Level 14.0 Polearms
 - Level 2.0 Throwing
 + Level 9.1 Dodging
 + Level 10.1 Shields
   Level 6.7 Air Magic
 + Level 9.2 Invocations


You had 12 spell levels left.
You didn't know any spells.
Your spell library contained the following spells:

 Spells                   Type           Power        Failure   Level
 Apportation              Tloc           #.....       100%        1
 Corona                   Hex            #......      100%        1
 Slow                     Hex            #.......     100%        2
 Confusing Touch          Hex            #.......     100%        3
 Gell's Gravitas          Tloc           #.........   100%        3
 Inner Flame              Hex/Fire       #.......     100%        3
 Lesser Beckoning         Tloc           #.........   100%        3
 Portal Projectile        Hex/Tloc       #.....       100%        3
 Static Discharge         Conj/Air       #.......     100%        3
 Tukima's Dance           Hex            #.......     100%        3
 Cause Fear               Hex            #.........   100%        4
 Leda's Liquefaction      Hex/Erth       #.........   100%        4
 Petrify                  Tmut/Erth      #.......     100%        4
 Alistair's Intoxication  Tmut/Pois      #........    100%        5
 Lightning Bolt           Conj/Air       #.........   100%        5
 Metabolic Englaciation   Hex/Ice        #.........   100%        5
 Yara's Violent Unravell  Hex/Tmut       #.........   100%        5
 Invisibility             Hex            #.......     100%        6
 Ignition                 Fire           #.........   100%        8
 Shatter                  Erth           #.........   100%        9
 Tornado                  Air            ##........   100%        9


Dungeon Overview and Level Annotations

Branches:
Dungeon (10/15)            Temple (1/1) D:5            Lair (4/6) D:10
  Swamp (0/4) Lair:4        Snake (0/4) Lair:3          Orc (0/2) D:9

Altars:
Ashenzari
Cheibriados
Dithmenos
Elyvilon
Fedhas
Gozag
Hepliaklqana
Kikubaaqudgha
Makhleb
Nemelex Xobeh
Okawaru
Qazlal
Ru
Sif Muna
Trog
Uskayaw
Vehumet
Wu Jian
Xom
Yredelemnul
Zin
The Shining One

Shops:
D:5 *   D:6 *(   D:8 (

Annotations:
D:8 3 runed translucent doors, fly's ghost, novice TrDe


Innate Abilities, Weirdness & Mutations

You revert to your normal form in water.
You are very nimble and swift while swimming.
You are very stealthy in the water. (Stealth+)
You have a somewhat thin skeletal structure. (Dex +2, Stealth)
You are clumsy. (Dex -2)
You are weak. (Str -2)


Message History

The elephant tramples the fungus!!
The fungus begins to die.
The elephant trunk-slaps the fungus.
You block the elephant's attack. x2
The catoblepas breathes a plume of calcifying dust at you.
The blast of calcifying dust hits you.
* * * LOW HITPOINT WARNING * * *
There is a stone staircase leading up here.
You are engulfed in calcifying dust.
You are slowing down.
A nearby fungus withers and dies.
The catoblepas gores you!!
* * * LOW HITPOINT WARNING * * *
The elephant tramples you but does no damage.
The elephant trunk-slaps you but does no damage.
You climb upwards.
You have turned to stone.
The catoblepas gores you!!
* * * LOW HITPOINT WARNING * * *
The elephant tramples you but does no damage.
The elephant trunk-slaps you but does no damage.
The catoblepas gores you!!
You die...

................##
...............#####
................##.###
..................##.#
...............#...†##
................#####
............P.<##...#
P..#...#.......Y..###
...#...........Y@.#
...##...(........###
....#...####..#....#
........#.#..##..#.#
.........#....##..##
#...##........##..##
...P...............#
.................###
.........)###.....#


You could see a catoblepas and an elephant.

Vanquished Creatures
  A hydra (Lair:2)
  A two-headed ogre (D:9)
  Nergalle (D:9)
  An elephant (D:10)
  3 cane toads
  3 komodo dragons
  A rime drake (Lair:3)
  17 blink frogs
  A dream sheep (D:9)
  3 hippogriffs
  A wraith (D:10)
  Eustachio (D:4)
  2 basilisks (D:10)
  12 yaks
  A steam dragon (Lair:3)
  A naga (Lair:3)
  Duvessa (D:5)
  3 porcupines (Lair:2)
  5 water moccasins
  A sky beast (D:10)
  2 black bears (D:7)
  3 orc warriors
  An ice beast (D:9)
  2 necrophages
  An eye of draining (D:10)
  4 phantoms
  7 wolves
  4 centaurs
  5 ogres
  4 crocodiles
  4 big kobolds
  16 bullfrogs
  2 scorpions
  Dowan (D:5)
  11 wights
  6 killer bees (D:8)
  A bullfrog zombie (D:8)
  2 quasits
  4 hounds
  2 centaur skeletons
  A jelly (D:5)
  2 bullfrog skeletons
  4 orc priests
  Jessica (D:2)
  4 iguanas
  11 orc wizards
  4 worker ants
  A killer bee zombie (D:10)
  2 gnolls
  19 adders
  4 white imps
  3 ufetubi
  2 oozes
  An adder zombie (D:6)
  A worm (D:3)
  2 dart slugs
  9 leopard geckos
  53 orcs
  A ball python (D:2)
  5 giant cockroaches
  5 goblins
  11 hobgoblins
  6 jackals
  7 quokkas
  9 bats
  8 frilled lizards
  A jackal skeleton (D:5)
  23 kobolds
  10 rats
352 creatures vanquished.

Vanquished Creatures (others)
  4 dream sheep (D:9)
  7 fungi
  8 plants
19 creatures vanquished.

Grand Total: 371 creatures vanquished

Notes
Turn   | Place    | Note
-------+----------+-------------------------------------------
     0 | D:1      | Radmir2714 the Merfolk Gladiator began the quest for the
                  | Orb.
     0 | D:1      | Reached XP level 1. HP: 16/16 MP: 1/1
   204 | D:1      | Reached XP level 2. HP: 23/23 MP: 2/2
   422 | D:1      | Reached skill level 5 in Polearms
   422 | D:1      | Reached XP level 3. HP: 8/28 MP: 3/3
   996 | D:2      | Noticed Jessica
  1004 | D:2      | Killed Jessica
  1004 | D:2      | Reached skill level 5 in Dodging
  1004 | D:2      | Reached XP level 4. HP: 24/35 MP: 4/4
  1658 | D:3      | Reached skill level 1 in Shields
  1697 | D:3      | Reached XP level 5. HP: 29/41 MP: 5/5
  1820 | D:3      | Found a glowing golden altar of the Shining One.
  2081 | D:3      | Reached skill level 6 in Polearms
  2081 | D:3      | Reached XP level 6. HP: 33/48 MP: 6/6
  3005 | D:4      | Reached skill level 7 in Polearms
  3005 | D:4      | Reached XP level 7. HP: 37/55 MP: 7/7
  3312 | D:4      | Noticed Eustachio
  3362 | D:4      | Killed Eustachio
  3362 | D:4      | Reached skill level 5 in Fighting
  3791 | D:5      | Entered Level 5 of the Dungeon
  3791 | D:5      | Found a stormy altar of Qazlal.
  3792 | D:5      | Found a staircase to the Ecumenical Temple.
  3874 | D:5      | Noticed a water elemental
  3880 | D:5      | Noticed Dowan
  3881 | D:5      | Noticed Duvessa
  3883 | D:5      | Killed Dowan
  3883 | D:5      | Reached skill level 8 in Polearms
  3929 | D:5      | Killed Duvessa
  3929 | D:5      | Reached XP level 8. HP: 57/64 MP: 8/8
  4295 | D:5      | Found a sacrificial altar of Ru.
  4332 | Temple   | Entered the Ecumenical Temple
  4632 | Temple   | Became a worshipper of Uskayaw the Reveler
  4662 | D:5      | Noticed an air elemental
  4688 | D:5      | Reached * piety under Uskayaw
  4729 | D:5      | Reached ** piety under Uskayaw
  4736 | D:5      | Reached *** piety under Uskayaw
  4737 | D:5      | Reached skill level 9 in Polearms
  4938 | D:5      | Found Etohich's Assorted Antiques.
  4961 | D:5      | Bought a glowing scale mail for 182 gold pieces
  4961 | D:5      | Bought a scroll of identify for 52 gold pieces
  5232 | D:6      | Found Cuuhiul's Wicked Wares.
  5232 | D:6      | Found a burning altar of Makhleb.
  5252 | D:6      | Reached skill level 5 in Shields
  5262 | D:6      | Found Kuxileso's Weapon Emporium.
  6367 | D:6      | Found a hazy altar of Hepliaklqana.
  6534 | D:7      | Gained mutation: You have a pair of small antennae on your
                  | head. [potion of mutation]
  6534 | D:7      | Gained mutation: You are agile. (Dex +2) [potion of
                  | mutation]
  6534 | D:7      | Gained mutation: You are partially covered in thin metallic
                  | scales. (AC +2) [potion of mutation]
  6535 | D:7      | Lost mutation: You have a pair of small antennae on your
                  | head. [potion of mutation]
  6535 | D:7      | Lost mutation: You are agile. (Dex +2) [potion of mutation]
  6535 | D:7      | Lost mutation: You are partially covered in thin metallic
                  | scales. (AC +2) [potion of mutation]
  6535 | D:7      | Gained mutation: You are partially covered in icy blue
                  | scales. (AC +2) [potion of mutation]
  6535 | D:7      | Gained mutation: You are resistant to hostile enchantments.
                  | (MR+) [potion of mutation]
  6620 | D:7      | Reached skill level 1 in Invocations
  6620 | D:7      | Reached XP level 9. HP: 46/72 MP: 9/9
  6837 | D:7      | Found a blossoming altar of Fedhas.
  6839 | D:7      | Found a shadowy altar of Dithmenos.
  6840 | D:7      | Found a shimmering altar of Xom.
  6874 | D:7      | Found a glowing silver altar of Zin.
  6874 | D:7      | Noticed an angel
  6890 | D:7      | Reached skill level 10 in Polearms
  6901 | D:7      | Reached **** piety under Uskayaw
  6903 | D:7      | Reached ***** piety under Uskayaw
  7032 | D:7      | Found an opulent altar of Gozag.
  7245 | D:7      | Found an ancient bone altar of Kikubaaqudgha.
  7713 | D:7      | HP: 1/73 [orc warrior/+0 scimitar (3)]
  8615 | D:8      | Reached skill level 11 in Polearms
  8620 | D:8      | Found a runed translucent gate.
  8620 | D:8      | Found a runed translucent gate.
  8620 | D:8      | Found a runed translucent gate.
  8622 | D:8      | Noticed a kobold demonologist
  8624 | D:8      | Noticed fly's ghost (novice TrDe)
  8628 | D:8      | Identified the +12 whip of Dithmenos's Supremacy {drain,
                  | Fragile +Inv rC+++ SInv}
  8733 | D:8      | Reached ****** piety under Uskayaw
  8735 | D:8      | Reached XP level 10. HP: 8/81 MP: 13/13
  9389 | D:8      | Found Ziplujol's Weapon Shop.
  9562 | D:9      | Found a shimmering altar of Xom.
  9612 | D:9      | Reached skill level 5 in Invocations
  9792 | D:9      | Identified the +8 whip "Obbicl Touc" {flame, *Slow +Inv
                  | rPois Stlth+}
 10202 | D:9      | Found a staircase to the Orcish Mines.
 10279 | D:9      | Noticed a two-headed ogre
 10342 | D:9      | Killed a two-headed ogre
 10342 | D:9      | Reached skill level 12 in Polearms
 10520 | D:9      | Found a burning altar of Makhleb.
 10927 | D:10     | Entered Level 10 of the Dungeon
 10927 | D:10     | Found a staircase to the Lair.
 10927 | D:10     | Noticed an elephant
 11085 | D:10     | Killed an elephant
 11232 | D:10     | Noticed Nergalle
 11434 | D:10     | Reached XP level 11. HP: 89/90 MP: 15/15
 11451 | D:9      | Killed Nergalle
 11655 | D:9      | Lost mutation: You are partially covered in icy blue
                  | scales. (AC +2) [potion of mutation]
 11655 | D:9      | Lost mutation: You are resistant to hostile enchantments.
                  | (MR+) [potion of mutation]
 11655 | D:9      | Gained mutation: You are clumsy. (Dex -2) [potion of
                  | mutation]
 11655 | D:9      | Gained mutation: You are weak. (Str -2) [potion of
                  | mutation]
 11655 | D:9      | Gained mutation: You have a somewhat thin skeletal
                  | structure. (Dex +2, Stealth) [potion of mutation]
 12042 | D:10     | Reached skill level 10 in Fighting
 12042 | D:10     | Reached skill level 13 in Polearms
 12593 | Lair:1   | Entered Level 1 of the Lair of Beasts
 14886 | Lair:2   | Reached XP level 12. HP: 71/99 MP: 18/18
 15408 | Lair:3   | Noticed an eight-headed hydra
 15444 | Lair:2   | Reached skill level 14 in Polearms
 15663 | Lair:2   | Killed an eight-headed hydra
 16322 | Lair:3   | Found a staircase to the Snake Pit.
 16361 | Lair:3   | Reached skill level 10 in Shields
 16752 | Lair:3   | Reached XP level 13. HP: 106/106 MP: 19/19
 17126 | Lair:4   | Found a staircase to the Swamp.
 17192 | Lair:3   | HP: 2/106 [catoblepas (10)]
 17193 | Lair:3   | Mangled by a catoblepas

Illustrated notes

Levels and vault maps discovered:
D:1:      dpeg_arrival_shelter, layout_basic
D:2:      layout_rooms, uniq_jessica
D:3:      minmay_bubble_buster, layout_rooms, tso_oasis_becter
D:4:      layout_gridville, uniq_eustachio
D:5:      layout_gridville, kennysheep_mini, minmay_temple_entry_stoned_glass,
          minmay_shop_grid_forest, roderic_lattice_a,
          nicolae_qazlal_style_of_elements, uniq_duvessa
D:6:      layout_loops_cross, kennysheep_little_box, serial_shops,
          nicolae_shop_behind_doors, minmay_misc_feat_four_crosses,
          minmay_stone_trees_medium, nicolae_evil_shop
D:7:      layout_basic, grunt_temple_overflow_order_and_chaos_1,
          lemuel_doored_altar, nicolae_overflow_crystal_walls,
          grunt_temple_overflow_open
D:8:      layout_cave_pools, gammafunk_ghost_nasty_kobolds, serial_shops,
          nicolae_shop_crystal
D:9:      layout_big_octagon, lemuel_round_altar, hiddenorc1_lemuel,
          minmay_misc_feat_x, kb_xom_exploding_sheep
D:10:     layout_roguey, david_lair_generic, uniq_nergalle
Temple:   minmay_temple_bridge_abc
Lair:1:   layout_concentric_octagons, beast_lair_carwin_2
Lair:2:   layout_cave_pods, patterned_corridor
Lair:3:   layout_cave_shapes, guppyfry_snake_entry_garden,
          grunt_forest_small_clearings
Lair:4:   layout_long_grid, swamp_mist, gauntlet_entry_generic,
          grunt_megastairs_5

Skill      XL: |  1  2  3  4  5  6  7  8  9 10 11 12 |
---------------+-------------------------------------+-----
Polearms       | 5 6 7 8 9 11 12 13 14 | 14.0
Fighting       | 3 4 5 7 8 9 10 11 | 11.4
Dodging        | 5 6 7 9 |  9.1
Shields        | 1 2 4 5 6 8 9 10 | 10.1
Invocations    | 1 4 6 8 9 |  9.2
Air Magic      | 6 |  6.7
Throwing       | |  2.0

Action                   |  1- 3 |  4- 6 |  7- 9 | 10-12 | 13-15 || total
-------------------------+-------+-------+-------+-------+-------++-------
Melee: Trident           |   100 |   249 |   612 |   729 |    11 ||  1701
Throw: Throwing net      |       |       |     3 |       |       ||     3
       Javelin           |       |       |     1 |    12 |       ||    13
       Boomerang         |       |       |       |     5 |       ||     5
Invok: Stomp             |       |       |     3 |    22 |       ||    25
       Line Pass         |       |       |       |     3 |       ||     3
Evoke: Wand              |       |       |     5 |     3 |     2 ||    10
  Use: Potion            |     1 |     2 |     5 |     5 |     1 ||    14
       Scroll            |       |     4 |     6 |    12 |       ||    22
 Stab: Sleeping          |     1 |       |       |       |       ||     1
       Held in net/web   |       |       |     3 |       |       ||     3
       Paralysed         |       |       |    14 |    52 |       ||    66
       Confused          |       |       |       |     2 |       ||     2
       Fleeing           |       |       |       |     1 |       ||     1
Armor: Leather armour    |    27 |     2 |       |       |       ||    29
       Plate armour      |       |   141 |   243 |   249 |    13 ||   646
       Robe              |       |     1 |       |       |       ||     1
Dodge: Dodged            |    62 |    66 |   113 |   123 |     3 ||   367
Block: Buckler           |       |    57 |   206 |   253 |       ||   516
       Reflection        |       |       |     1 |    17 |       ||    18
       Kite shield       |       |       |       |   105 |     8 ||   113

Table legend: (Time is in decaauts)
 A = Elapsed time spent in this place.
 B = Non-inter-level travel time spent in this place.
 C = Inter-level travel time spent in this place.
 D = Time resting spent in this place.
 E = Time spent auto-exploring this place.
 F = Levels seen in this place.
 G = Mean time per level.
                   A        B        C        D        E       F      G
               +--------+--------+--------+--------+--------+-----+--------+
         Total |  16805 |  16127 |    678 |   2399 |  10823 |  15 | 1120.3 |
       Dungeon |  12323 |  11792 |    531 |   1517 |   7949 |  10 | 1232.3 |
        Temple |    268 |    248 |     20 |    100 |     92 |   1 |  268.0 |
          Lair |   4213 |   4087 |    126 |    782 |   2781 |   4 | 1053.2 |
               +--------+--------+--------+--------+--------+-----+--------+

Top non-repeatable levels by time:
     D:7: 2093 daAuts
  Lair:2: 1941 daAuts
     D:9: 1895 daAuts
     D:6: 1390 daAuts
  Lair:1: 1286 daAuts
     D:3: 1236 daAuts
    D:10: 1187 daAuts
     D:8: 1004 daAuts
     D:5: 958 daAuts
     D:4: 920 daAuts
  Lair:3: 868 daAuts
     D:1: 831 daAuts
     D:2: 805 daAuts
  Temple: 268 daAuts
  Lair:4: 117 daAuts
